 Dungeon Crawl Stone Soup version 0.29.1-12-g30fa7ad0bf (webtiles) character file.

Game seed: 17111513232846588011

264 melloss the Covert (level 5, -9/24 HPs)
             Began as a Spriggan Enchanter on Dec 16, 2022.
             Mangled by a gnoll
             ... wielding a +0 halberd
              (15 damage)
             ... on level 3 of the Dungeon.
             The game lasted 00:09:25 (3573 turns).

melloss the Covert (Spriggan Enchanter)             Turns: 3573, Time: 00:09:26

Health: -9/24      AC:  2    Str:  6    XL:     5   Next: 98%
Magic:  10/10      EV: 19    Int: 22    God:
Gold:   137        SH:  0    Dex: 16    Spells: 6/9 levels left

rFire   . . .      SeeInvis +   t - +1 falchion (vorpal)
rCold   . . .      Faith    .   (no shield)
rNeg    . . .      Spirit   .   b - +0 robe
rPois   .          Reflect  .   (helmet restricted)
rElec   .          Harm     .   (no cloak)
rCorr   .          Rampage  .   (gloves unavailable)
Will    .....                   (boots unavailable)
Stlth   ++++......              (no amulet)
HPRegen 0.08/turn               l - ring of flight
MPRegen 0.12/turn               s - +6 ring of intelligence

@: flying, very quick
A: very small, no large weapons, unfitting armour, see invisible, speed 3
a: no special abilities


You were on level 3 of the Dungeon.
You visited 1 branch of the dungeon, and saw 3 of its levels.

You collected 137 gold pieces.

Inventory:

Hand Weapons
 a - a +1 dagger
 t - a +1 vorpal falchion (weapon)
Missiles
 e - 31 stones (quivered)
Armour
 b - a +0 robe (worn)
Magical Staves
 j - a staff of air
Jewellery
 l - a ring of flight (left hand)
 o - a ring of positive energy
 s - a +6 ring of intelligence (right hand)
Scrolls
 d - a scroll of fog {unknown}
 f - 4 scrolls of vulnerability {unknown}
 g - a scroll of fear {unknown}
 h - 2 scrolls of teleportation {unknown}
 m - a scroll of enchant armour {unknown}
 n - a scroll of poison {unknown}
 q - 3 scrolls of identify {unknown}
 r - a scroll of immolation {unknown}
 u - a scroll of amnesia {unknown}
Potions
 c - 2 potions of invisibility
 i - 2 potions of haste {unknown}
 k - a potion of brilliance {unknown}
 p - a potion of mutation {unknown}


   Skills:
 + Level 2.3 Short Blades
 - Level 5.0 Dodging
 - Level 8.0 Stealth
 - Level 2.6 Spellcasting
 + Level 1.1 Conjurations
 - Level 3.6 Hexes


You had 6 spell levels left.
You knew the following spells:

 Your Spells              Type           Power      Damage    Failure   Level
a - Ensorcelled Hibernat  Hex/Ice        20%        N/A       10%         2
b - Shock                 Conj/Air       20%        1d4       10%         1

Your spell library contained the following spells:

 Spells                   Type           Power      Damage    Failure   Level
 Confusing Touch          Hex            18%        N/A       9%          3
 Tukima's Dance           Hex            18%        N/A       9%          3
 Dazzling Flash           Conj/Hex       26%        N/A       14%         3
 Mephitic Cloud           Conj/Pois/Air  4%         N/A       32%         3
 Gell's Gravitas          Tloc           2%         N/A       36%         3
 Ignite Poison            Fire/Tmut/Pois 2%         N/A       36%         3
 Lesser Beckoning         Tloc           2%         N/A       36%         3
 Swiftness                Air            2%         N/A       36%         3
 Teleport Other           Tloc           2%         N/A       36%         3
 Airstrike                Air            1%         2d(1-17)  77%         4
 Freezing Cloud           Conj/Ice/Air   2%         6-21      97%         5


Dungeon Overview and Level Annotations

Branches:
Dungeon (3/15)

Altars:
Cheibriados
Xom


Innate Abilities, Weirdness & Mutations

You are very small and have problems with some larger weapons.
You are too small for most types of armour.
You have supernaturally acute eyesight. (SInv)
You cover ground extremely quickly. (Speed+++)


Message History

There is an open door here.
You now have 130 gold pieces (gained 9).
q - 3 scrolls labelled FIEDAOR NAIMMY (gained 1)
A dart slug comes into view.
You hit the dart slug.
The dart slug is almost dead.
The dart slug completely misses you.
You hit the dart slug.
You kill the dart slug!
You see here a dart slug corpse.
f - 4 scrolls labelled XACREI VUJAIPT (gained 1)
Found a plate armour and 5 boomerangs.
You pick up a Trismegistus Codex and begin reading...
You add the spells Ignite Poison, Mephitic Cloud and Freezing Cloud to your library.
h - 2 scrolls labelled BUPPAORAKY (gained 1)
You see here a +0 plate armour.
You now have 137 gold pieces (gained 7).
You reach down and open the door.
There is an open door here.
You reach down and open the door.
There is an open door here. 2 gnolls come into view.
A gnoll comes into view. It is wielding a +0 club.
You catch the helpless gnoll completely off-guard!
You hit the gnoll.
The gnoll is heavily wounded.
The gnoll closely misses you.
You hit the gnoll.
The gnoll is almost dead.
The gnoll hits you with a +0 spear.
You hit the gnoll.
You kill the gnoll!
Things that are here:
a +0 spear; a ring of poison resistance
Found a stone staircase leading down.
The gnoll hits you with a +0 club!
You barely miss the gnoll. The gnoll hits you with a +0 club.
* * * LOW HITPOINT WARNING * * *
The gnoll hits you from afar with a +0 halberd!
Ouch! That really hurt!
You die...

......######.#..#####..#.....#
.............#<.))...........####
.............######.#####........
......[...................##.####
............#######.#####.##.#...
............# #.# #.....#.##
##..........# ##.# #........#
####........######..####........#
..............gg@)..........##.##
.####.######...##########......##
.# #.. #.... .........###### .#
#... >...## ########.#<..##
.####.## #.. #.....>...#.#
...##+## #. #.######### #
.#.....# # ##.....# #.....#


You could see 2 gnolls.

Vanquished Creatures
  Sigmund (D:3)
  2 gnolls (D:3)
  An adder (D:3)
  3 worms (D:2)
  2 dart slugs
  7 endoplasms
  A giant cockroach (D:2)
  2 goblins
  7 hobgoblins
  3 jackals (D:1)
  5 quokkas
  6 ball pythons
  8 bats
  6 frilled lizards
  3 kobolds
  3 rats (D:1)
60 creatures vanquished.

Notes
Turn   | Place    | Note
-------+----------+-------------------------------------------
     0 | D:1      | melloss the Spriggan Enchanter began the quest for the Orb.
     0 | D:1      | Reached XP level 1. HP: 9/9 MP: 5/5
   282 | D:1      | Reached XP level 2. HP: 13/13 MP: 6/6
   283 | D:1      | Reached skill level 5 in Stealth
   292 | D:1      | Learned a level 2 spell: Ensorcelled Hibernation
   756 | D:1      | Reached XP level 3. HP: 16/16 MP: 5/8
  1165 | D:1      | Found a faded altar of an unknown god.
  1436 | D:2      | Learned a level 1 spell: Shock
  1645 | D:2      | Found a shimmering altar of Xom.
  2040 | D:2      | Reached skill level 6 in Stealth
  2763 | D:3      | Noticed Sigmund
  3033 | D:2      | Reached XP level 4. HP: 21/21 MP: 6/9
  3068 | D:3      | Killed Sigmund
  3069 | D:3      | Reached skill level 5 in Dodging
  3069 | D:3      | Reached skill level 8 in Stealth
  3069 | D:3      | Reached XP level 5. HP: 13/24 MP: 5/10
  3085 | D:3      | Reached skill level 1 in Conjurations
  3358 | D:3      | Found a faded altar of an unknown god.
  3369 | D:3      | Found a snail-covered altar of Cheibriados.
  3573 | D:3      | Mangled by a gnoll

Illustrated notes

Levels and vault maps discovered:
D:1:      psy_arrival_conway, layout_loops_cross, basic_ecumenical_altar,
          minmay_hexomino_c4
D:2:      layout_loops_corners, serial_aquarium, aquarium_bridge_straight
          [aquarium_subvault_bridge, aquarium_subvault_window,
          aquarium_subvault_bridge, aquarium_subvault_balcony],
          aquarium_bridge_long_separate [aquarium_subvault_wall,
          aquarium_subvault_bridge, aquarium_subvault_wall,
          aquarium_subvault_bridge, aquarium_subvault_wall,
          aquarium_subvault_window], aquarium_window_1, aquarium_window_double,
          aquarium_window_3, aquarium_view_2e, aquarium_view_2g,
          aquarium_balcony_1a, basic_altar
D:3:      layout_basic, nicolae_overflow_ecumenical_swirl, marbit_many_paths,
          uniq_sigmund

Skill      XL: |  1  2  3  4  5 |
---------------+----------------+-----
Dodging        | 3 4 5 |  5.0
Stealth        | 5 6 8 |  8.0
Short Blades   | 2 |  2.3
Conjurations   | 1 |  1.1
Spellcasting   | |  2.6
Hexes          | |  3.6

Action                   |  1- 3 |  4- 6 || total
-------------------------+-------+-------++-------
Melee: Dagger            |   111 |    17 ||   128
       Falchion          |       |    11 ||    11
 Cast: Ensorcelled Hiber |    29 |     2 ||    31
 Stab: Sleeping          |    38 |     3 ||    41
       Distracted        |     1 |     1 ||     2
Armor: Robe              |    18 |     2 ||    20
Dodge: Dodged            |    92 |    23 ||   115
